| TOP OF THE 1ST |
|
Baltimore Orioles batting - Pitching for Montreal Expos : RHP Jose Robles
|
|
Pitching: RHP Jose Robles
|
|
|
Batting: RHB Saimei Kudo
|
0-0: Ball 1-0: SINGLE (Groundball, 56S, EV 61.9 MPH) (infield hit)
|
|
Batting: LHB Brad Pepin
|
0-0: Called Strike 0-1: Foul Ball, location: 2F 0-2: Ball 1-2: Ball 2-2: Grounds into double play, 4-6-3 (Groundball, 4M, EV 95.0 MPH)
|
|
Batting: RHB Rudo Garciaparra
|
0-0: Ground out 6-3 (Groundball, 6, EV 83.1 MPH)
|
| Top of the 1st over - 0 runs, 1 hit, 0 errors, 0 left on base; Baltimore 0 - Montreal 0 |
| BOTTOM OF THE 1ST |
|
Montreal Expos batting - Pitching for Baltimore Orioles : LHP Aldo Questi
|
|
Pitching: LHP Aldo Questi
|
|
|
Batting: RHB Tommie Eaton
|
0-0: Ball 1-0: Ball 2-0: Called Strike 2-1: Ball 3-1: Base on Balls
|
|
Batting: RHB John Ham
|
0-0: Called Strike 0-1: Foul Ball, location: 2F 0-2: Ball 1-2: Ball 2-2: Reached on error, E6 (Groundball, 6, EV 82.5 MPH) Tommie Eaton to second
|
|
Batting: RHB Mike Salmon
|
0-0: Ball 1-0: Ball 2-0: SINGLE (Groundball, 56D, EV 93.8 MPH) Tommie Eaton to third John Ham to second
|
|
Batting: RHB Steve French
|
0-0: Ball 1-0: Ball 2-0: Called Strike 2-1: Foul Ball, location: 2F 2-2: Ball 3-2: Fly out, F9 (Line Drive, 9S, EV 101.2 MPH)
|
|
Batting: LHB Austin Ohmer
|
0-0: Called Strike 0-1: Ball 1-1: Foul Ball, location: 2F 1-2: Ball 2-2: DOUBLE (Line Drive, 89D, EV 108.1 MPH) Tommie Eaton scores John Ham scores Mike Salmon to third Runner from 3rd tries for Home, SAFE, throw by CF to trailing runner, SAFE at third!
|
|
Batting: RHB Shigem Kubo
|
0-0: Ball 1-0: Ball 2-0: Called Strike Steal of home, Austin Ohmer is out 2-1: Swinging Strike 2-2: Fly out, F8 (Flyball, 8RM, EV 89.4 MPH)
|
| Bottom of the 1st over - 3 runs, 2 hits, 1 error, 0 left on base; Baltimore 0 - Montreal 3 |
| TOP OF THE 2ND |
|
Baltimore Orioles batting - Pitching for Montreal Expos : RHP Jose Robles
|
|
Batting: SHB Cesar Herrera
|
0-0: Fly out, F7 (Flyball, 7, EV 84.4 MPH)
|
|
Batting: RHB Vince Jackson
|
0-0: Hit by Pitch
|
|
Batting: RHB Alex Rodriguez Jr.
|
0-0: Ball 1-0: Called Strike 1-1: Ball 2-1: Fly out, F9 (Flyball, 89S, EV 88.1 MPH)
|
|
Batting: RHB Marc Peckermark
|
0-0: Called Strike Vince Jackson is caught stealing 2nd base 2-4
|
| Top of the 2nd over - 0 runs, 0 hits, 0 errors, 0 left on base; Baltimore 0 - Montreal 3 |
| BOTTOM OF THE 2ND |
|
Montreal Expos batting - Pitching for Baltimore Orioles : LHP Aldo Questi
|
|
Batting: RHB Tommy Mize
|
0-0: Ball 1-0: Ground out U3 (Groundball, 34S, EV 83.1 MPH)
|
|
Batting: SHB Lou Kroneman
|
0-0: DOUBLE (Line Drive, 7LM, EV 96.2 MPH)
|
|
Batting: RHB Robby Juarez
|
0-0: Called Strike 0-1: Ball 1-1: Ball 2-1: Swinging Strike 2-2: Strikes out swinging
|
|
Batting: RHB Tommie Eaton
|
0-0: 2-RUN HOME RUN (Flyball, 9D, EV 97.5 MPH), Distance : 377 ft
|
|
Batting: RHB John Ham
|
0-0: Ball 1-0: Foul Ball, location: 2F 1-1: Ball 2-1: Swinging Strike 2-2: Strikes out swinging
|
| Bottom of the 2nd over - 2 runs, 2 hits, 0 errors, 0 left on base; Baltimore 0 - Montreal 5 |
| TOP OF THE 3RD |
|
Baltimore Orioles batting - Pitching for Montreal Expos : RHP Jose Robles
|
|
Batting: RHB Marc Peckermark
|
0-0: Ball 1-0: Ball 2-0: Ball 3-0: Called Strike 3-1: Foul Ball, location: 2F 3-2: Foul Ball, location: 2F 3-2: Foul Ball, location: 2F 3-2: Strikes out looking
|
|
Batting: RHB Tenshou Takita
|
0-0: Called Strike 0-1: Ball 1-1: Ball 2-1: Foul Ball, location: 2F 2-2: Ball 3-2: Strikes out swinging
|
|
Batting: SHB Eduardo Maldonado
|
0-0: Ball 1-0: Ball 2-0: Fly out, F7 (Flyball, 7, EV 97.5 MPH)
|
| Top of the 3rd over - 0 runs, 0 hits, 0 errors, 0 left on base; Baltimore 0 - Montreal 5 |
| BOTTOM OF THE 3RD |
|
Montreal Expos batting - Pitching for Baltimore Orioles : LHP Aldo Questi
|
|
Batting: RHB Mike Salmon
|
0-0: Ball 1-0: Called Strike 1-1: Foul Ball, location: 2F 1-2: Fly out, F9 (Flyball, 9LD, EV 91.9 MPH)
|
|
Batting: RHB Steve French
|
0-0: Called Strike 0-1: Foul Ball, location: 2F 0-2: Ball 1-2: Foul Ball, location: 2F 1-2: Foul Ball, location: 2F 1-2: Foul Ball, location: 2F 1-2: DOUBLE (Line Drive, 89XD, EV 110.0 MPH)
|
|
Batting: LHB Austin Ohmer
|
0-0: Ball 1-0: Ball 2-0: Called Strike 2-1: Called Strike 2-2: Ball 3-2: SINGLE (Line Drive, 7S, EV 110.0 MPH) Steve French to third Throwing error, E7 Steve French scores Austin Ohmer to second
|
|
Pitching: RHP Josh Wollaston
|
|
|
Batting: RHB Shigem Kubo
|
0-0: Ball 1-0: Ball 2-0: Ball 3-0: Called Strike 3-1: Fly out, F4 (Popup, 3S, EV 83.8 MPH)
|
|
Batting: RHB Tommy Mize
|
0-0: Called Strike 0-1: Called Strike 0-2: Strikes out looking
|
| Bottom of the 3rd over - 1 run, 2 hits, 1 error, 1 left on base; Baltimore 0 - Montreal 6 |
| TOP OF THE 4TH |
|
Baltimore Orioles batting - Pitching for Montreal Expos : RHP Jose Robles
|
|
Batting: RHB Saimei Kudo
|
0-0: Called Strike 0-1: Foul Ball, location: 2F 0-2: Ball 1-2: SOLO HOME RUN (Flyball, 78XD, EV 103.8 MPH), Distance : 409 ft
|
|
Batting: LHB Brad Pepin
|
0-0: Ball 1-0: Ball 2-0: Foul Ball, location: 2F 2-1: Swinging Strike 2-2: SINGLE (Flyball, 78S, EV 94.4 MPH)
|
|
Batting: RHB Rudo Garciaparra
|
0-0: SINGLE (Line Drive, 34, EV 97.5 MPH) Brad Pepin to second Runner from 2nd tries for 3rd, SAFE, no throw by RF
|
|
Batting: SHB Cesar Herrera
|
0-0: Foul Ball, location: 2F 0-1: Foul Ball, location: 2F 0-2: 3-RUN HOME RUN (Flyball, 9D, EV 98.1 MPH), Distance : 380 ft
|
|
Batting: RHB Vince Jackson
|
0-0: Called Strike 0-1: Foul Ball, location: 2F 0-2: Strikes out looking
|
|
Batting: RHB Alex Rodriguez Jr.
|
0-0: Foul Ball, location: 2F 0-1: Ball 1-1: Ball 2-1: Called Strike 2-2: Ball 3-2: Foul Ball, location: 2F 3-2: Strikes out swinging
|
|
Batting: RHB Marc Peckermark
|
0-0: Ground out 1-3 (Groundball, 23, EV 70.0 MPH)
|
| Top of the 4th over - 4 runs, 4 hits, 0 errors, 0 left on base; Baltimore 4 - Montreal 6 |
| BOTTOM OF THE 4TH |
|
Montreal Expos batting - Pitching for Baltimore Orioles : RHP Josh Wollaston
|
|
Batting: SHB Lou Kroneman
|
0-0: Ball 1-0: Ball 2-0: Called Strike 2-1: Swinging Strike 2-2: Strikes out looking
|
|
Batting: RHB Robby Juarez
|
0-0: Called Strike 0-1: Called Strike 0-2: Ball 1-2: Ball 2-2: TRIPLE (Line Drive, 89XD, EV 108.1 MPH)
|
|
Batting: RHB Tommie Eaton
|
0-0: Ball 1-0: SINGLE (Groundball, 5S, EV 65.6 MPH) (infield hit) Robby Juarez scores
|
|
Batting: RHB John Ham
|
0-0: Foul Ball, location: 2F 0-1: Called Strike 0-2: Foul Ball, location: 2F 0-2: Strikes out swinging
|
|
Batting: RHB Mike Salmon
|
0-0: Ball 1-0: Ball 2-0: Called Strike 2-1: Called Strike 2-2: Foul Ball, location: 2F 2-2: Ball 3-2: Foul Ball, location: 2F 3-2: Base on Balls Tommie Eaton to second
|
|
Batting: RHB Steve French
|
0-0: Ball 1-0: Called Strike 1-1: Ball 2-1: SINGLE (Groundball, 25, EV 66.9 MPH) (infield hit) Tommie Eaton to third Mike Salmon to second
|
|
Batting: LHB Austin Ohmer
|
0-0: Ball 1-0: Ball 2-0: Ball 3-0: Base on Balls Tommie Eaton scores Mike Salmon to third Steve French to second
|
|
Batting: RHB Shigem Kubo
|
0-0: Ball 1-0: Called Strike 1-1: Swinging Strike 1-2: Strikes out swinging
|
| Bottom of the 4th over - 2 runs, 3 hits, 0 errors, 3 left on base; Baltimore 4 - Montreal 8 |
| TOP OF THE 5TH |
|
Baltimore Orioles batting - Pitching for Montreal Expos : RHP Jose Robles
|
|
Batting: RHB Tenshou Takita
|
0-0: Ball 1-0: Swinging Strike 1-1: Called Strike 1-2: Ground out 6-3 (Groundball, 56, EV 76.9 MPH)
|
|
Batting: SHB Eduardo Maldonado
|
0-0: Fly out, F8 (Flyball, 8LD, EV 107.5 MPH)
|
|
Batting: RHB Saimei Kudo
|
0-0: Ball 1-0: Called Strike 1-1: Called Strike 1-2: Ball 2-2: Strikes out swinging
|
| Top of the 5th over - 0 runs, 0 hits, 0 errors, 0 left on base; Baltimore 4 - Montreal 8 |
| BOTTOM OF THE 5TH |
|
Montreal Expos batting - Pitching for Baltimore Orioles : RHP Josh Wollaston
|
|
Batting: RHB Tommy Mize
|
0-0: Ball 1-0: Foul Ball, location: 2F 1-1: Foul Ball, location: 2F 1-2: Foul Ball, location: 2F 1-2: Strikes out swinging
|
|
Batting: SHB Lou Kroneman
|
0-0: Swinging Strike 0-1: Ball 1-1: DOUBLE (Flyball, 8LXD, EV 108.8 MPH)
|
|
Batting: RHB Robby Juarez
|
0-0: Ball 1-0: Ball 2-0: Swinging Strike 2-1: Foul Ball, location: 2F 2-2: Reached on error, E4 (Groundball, 4, EV 76.2 MPH) Lou Kroneman to third
|
|
Batting: RHB Tommie Eaton
|
0-0: Foul Ball, location: 2F 0-1: Ball 1-1: Foul Ball, location: 2F 1-2: Ball 2-2: Strikes out swinging
|
|
Batting: RHB John Ham
|
0-0: Called Strike 0-1: Swinging Strike 0-2: Ball 1-2: Fly out, F8 (Flyball, 8RD, EV 103.1 MPH)
|
| Bottom of the 5th over - 0 runs, 1 hit, 1 error, 2 left on base; Baltimore 4 - Montreal 8 |
| TOP OF THE 6TH |
|
Baltimore Orioles batting - Pitching for Montreal Expos : RHP Jose Robles
|
|
Batting: LHB Brad Pepin
|
0-0: Ball 1-0: Called Strike 1-1: Foul Ball, location: 2F 1-2: Strikes out swinging
|
|
Batting: RHB Rudo Garciaparra
|
0-0: Ball 1-0: Hit by Pitch
|
|
Batting: SHB Cesar Herrera
|
0-0: Called Strike 0-1: SINGLE (Groundball, 3D, EV 95.6 MPH) Rudo Garciaparra to second Runner from 2nd tries for 3rd, SAFE, throw by RF made to third Cesar Herrera to second
|
|
Batting: RHB Vince Jackson
|
0-0: Ball 1-0: Ground out 5-3 (Groundball, 5L, EV 100.0 MPH)
|
|
Batting: RHB Alex Rodriguez Jr.
|
0-0: Ground out 6-3 (Groundball, 6M, EV 101.9 MPH)
|
| Top of the 6th over - 0 runs, 1 hit, 0 errors, 2 left on base; Baltimore 4 - Montreal 8 |
| BOTTOM OF THE 6TH |
|
Montreal Expos batting - Pitching for Baltimore Orioles : RHP Josh Wollaston
|
|
Batting: RHB Mike Salmon
|
0-0: SINGLE (Flyball, 8RS, EV 84.4 MPH)
|
|
Pitching: RHP Hector Aguado
|
|
|
Batting: RHB Steve French
|
0-0: Ball 1-0: Ball 2-0: Foul Ball, location: 2F 2-1: Ball 3-1: Foul Ball, location: 2F 3-2: Fly out, F4 (Line Drive, 34D, EV 61.9 MPH)
|
|
Batting: LHB Austin Ohmer
|
0-0: Foul Ball, location: 2F 0-1: Ball 1-1: Foul Ball, location: 2F 1-2: Ball 2-2: Ball 3-2: Base on Balls Mike Salmon to second
|
|
Batting: RHB Shigem Kubo
|
0-0: Called Strike 0-1: Ball 1-1: Swinging Strike 1-2: Foul Ball, location: 2F 1-2: Ball 2-2: Foul Ball, location: 2F 2-2: Ball 3-2: Foul Ball, location: 2F 3-2: Foul Ball, location: 2F 3-2: Base on Balls Mike Salmon to third Austin Ohmer to second
|
|
Batting: RHB Tommy Mize
|
0-0: Foul Ball, location: 2F 0-1: Ball 1-1: Swinging Strike 1-2: Ball 2-2: Foul Ball, location: 2F 2-2: Grounds into double play, 6-4-3 (Groundball, 56D, EV 93.8 MPH)
|
| Bottom of the 6th over - 0 runs, 1 hit, 0 errors, 2 left on base; Baltimore 4 - Montreal 8 |
| TOP OF THE 7TH |
|
Baltimore Orioles batting - Pitching for Montreal Expos : RHP Jose Robles
|
|
Batting: RHB Marc Peckermark
|
0-0: Called Strike 0-1: Ground out 5-3 (Groundball, 56, EV 85.6 MPH)
|
|
Batting: RHB Tenshou Takita
|
0-0: Ball 1-0: Ball 2-0: Ball 3-0: Called Strike 3-1: Foul Ball, location: 2F 3-2: SOLO HOME RUN (Flyball, 89XD, EV 96.9 MPH), Distance : 384 ft
|
|
Pitching: RHP Joel Montenegro
|
|
|
Batting: SHB Eduardo Maldonado
|
0-0: Ball 1-0: Ball 2-0: Swinging Strike 2-1: Foul Ball, location: 2F 2-2: Strikes out swinging
|
|
Batting: RHB Saimei Kudo
|
0-0: Ball 1-0: Ball 2-0: Swinging Strike 2-1: Swinging Strike 2-2: Foul Ball, location: 2F 2-2: Ball 3-2: Base on Balls
|
|
Batting: LHB Brad Pepin
|
0-0: Called Strike 0-1: Foul Ball, location: 2F 0-2: SINGLE (Groundball, 6S, EV 72.5 MPH) (infield hit) Saimei Kudo to second
|
|
Batting: RHB Rudo Garciaparra
|
0-0: Ball 1-0: Ball 2-0: SINGLE (Groundball, 34D, EV 108.8 MPH) Saimei Kudo to third Brad Pepin to second Runner from 3rd tries for Home, SAFE, throw by RF to home
|
|
Batting: SHB Cesar Herrera
|
0-0: Called Strike 0-1: Foul Ball, location: 2F 0-2: Ball 1-2: Ball 2-2: Fly out, F7 (Line Drive, 78M, EV 88.1 MPH)
|
| Top of the 7th over - 2 runs, 3 hits, 0 errors, 2 left on base; Baltimore 6 - Montreal 8 |
| BOTTOM OF THE 7TH |
|
Montreal Expos batting - Pitching for Baltimore Orioles : RHP Hector Aguado
|
|
Pitching: RHP Andy Rondeau
|
|
|
Batting: SHB Lou Kroneman
|
0-0: Called Strike 0-1: Swinging Strike 0-2: Ball 1-2: DOUBLE (Line Drive, 7LM, EV 113.1 MPH)
|
|
Batting: RHB Robby Juarez
|
0-0: Ball 1-0: Ball 2-0: Ball 3-0: Called Strike 3-1: SINGLE (Groundball, 6MD, EV 99.4 MPH) Lou Kroneman to third
|
|
Batting: RHB Tommie Eaton
|
0-0: Hit by Pitch Robby Juarez to second
|
|
Batting: RHB John Ham
|
0-0: Ball 1-0: Grounds into double play, 6-2-3 (Groundball, 6, EV 83.8 MPH) Robby Juarez to third Tommie Eaton to second
|
|
Batting: RHB Mike Salmon
|
0-0: Foul Ball, location: 2F 0-1: Ball 1-1: Ball 2-1: Fly out, F9 (Flyball, 89D, EV 91.2 MPH)
|
| Bottom of the 7th over - 0 runs, 2 hits, 0 errors, 2 left on base; Baltimore 6 - Montreal 8 |
| TOP OF THE 8TH |
|
Baltimore Orioles batting - Pitching for Montreal Expos : RHP Joel Montenegro
|
|
Batting: RHB Vince Jackson
|
0-0: Called Strike 0-1: Ball 1-1: Called Strike 1-2: SOLO HOME RUN (Flyball, 7D, EV 96.9 MPH), Distance : 376 ft
|
|
Batting: RHB Alex Rodriguez Jr.
|
0-0: Called Strike 0-1: Swinging Strike 0-2: Ball 1-2: Strikes out swinging, 2-3 out at first.
|
|
Batting: RHB Marc Peckermark
|
0-0: Ball 1-0: Ground out 1-3 (Groundball, 13S, EV 70.0 MPH)
|
|
Batting: RHB Tenshou Takita
|
0-0: Ball 1-0: SINGLE (Groundball, 5S, EV 61.9 MPH) (infield hit)
|
|
Batting: SHB Eduardo Maldonado
|
0-0: Called Strike 0-1: Foul Ball, location: 2F 0-2: SINGLE (Line Drive, 9S, EV 106.2 MPH) Tenshou Takita to second Runner from 2nd tries for 3rd, SAFE, throw by RF made to third
|
|
Batting: RHB Saimei Kudo
|
0-0: Ball 1-0: Called Strike 1-1: Ball 2-1: Called Strike 2-2: Fielders Choice at 2nd, 6-4 (Groundball, 56, EV 101.2 MPH)
|
| Top of the 8th over - 1 run, 3 hits, 0 errors, 2 left on base; Baltimore 7 - Montreal 8 |
| BOTTOM OF THE 8TH |
|
Montreal Expos batting - Pitching for Baltimore Orioles : RHP Andy Rondeau
|
|
Batting: RHB Steve French
|
0-0: Called Strike 0-1: DOUBLE (Flyball, 9LD, EV 90.0 MPH) - OUT at third base trying to stretch hit.
|
|
Batting: LHB Austin Ohmer
|
0-0: Ball 1-0: Ball 2-0: Ball 3-0: Called Strike 3-1: Swinging Strike 3-2: Foul Ball, location: 2F 3-2: Strikes out swinging
|
|
Batting: RHB Shigem Kubo
|
0-0: Called Strike 0-1: Ball 1-1: Called Strike 1-2: Ball 2-2: Fly out, F9 (Flyball, 89S, EV 85.0 MPH)
|
| Bottom of the 8th over - 0 runs, 1 hit, 0 errors, 0 left on base; Baltimore 7 - Montreal 8 |
| TOP OF THE 9TH |
|
Baltimore Orioles batting - Pitching for Montreal Expos : RHP Joel Montenegro
|
|
Pitching: RHP Jakub Kvacek
|
|
|
Batting: LHB Brad Pepin
|
0-0: Ball 1-0: SINGLE (Groundball, 34D, EV 78.8 MPH) (infield hit)
|
|
Batting: RHB Rudo Garciaparra
|
0-0: Fly out, F8 (Flyball, 8RM, EV 83.8 MPH)
|
|
Batting: SHB Cesar Herrera
|
0-0: Called Strike 0-1: Foul Ball, location: 2F 0-2: Strikes out swinging
|
|
Batting: RHB Vince Jackson
|
0-0: Ball 1-0: Foul Ball, location: 2F 1-1: Ball 2-1: Ball 3-1: SINGLE (Groundball, 56D, EV 94.4 MPH) Brad Pepin to second
|
|
Batting: RHB Alex Rodriguez Jr.
|
0-0: Ball 1-0: Called Strike 1-1: Called Strike 1-2: Ground out 5-3 (Groundball, 56S, EV 83.8 MPH)
|
| Top of the 9th over - 0 runs, 2 hits, 0 errors, 2 left on base; Baltimore 7 - Montreal 8 |
|